 Dungeon Crawl Stone Soup version 0.31-a0-700-gf13585253f (webtiles) character file.

Game seed: 13862301222332564584

65 Ofeo the Trooper (level 3, -3/26 (30) HPs)
             Began as a Demonspawn Wanderer on Sept 8, 2023.
             Slain by an ogre
             ... wielding a +0 giant spiked club
              (19 damage)
             ... on level 4 of the Dungeon.
             The game lasted 00:02:18 (3046 turns).

Ofeo the Trooper (Demonspawn Wanderer)              Turns: 3046, Time: 00:02:18

HP:   -3/26 (30)    AC:  2    Str: 15    XL:     3   Next: 92%
MP:   3/4           EV: 11    Int: 14    God:
Gold: 141           SH:  0    Dex: 10    Spells: 3/4 levels left

rFire   . . .        e - +0 spear
rCold   . . .        (no shield)
rNeg    . . .        d - +0 robe
rPois   .            (no helmet)
rElec   .            (no cloak)
rCorr   .            (no gloves)
SInv    .            (no boots)
Will    .....        (no amulet)
Stlth   +            k - ring of wizardry
HPRegen 0.24/turn    (no ring)
MPRegen 0.09/turn

%: wizardry (x1)
@: lethally poisoned (-3 -> -6), very slightly contaminated, heavily drained
A: powered by pain 1
a: no special abilities


You were on level 4 of the Dungeon.
You visited 1 branch of the dungeon, and saw 4 of its levels.

You collected 141 gold pieces.

Inventory:

Hand Weapons
 a - a +0 dagger
 e - a +0 spear (weapon)
Missiles
 b - 10 poisoned darts (quivered)
 n - a throwing net
Armour
 d - a +0 robe (worn)
Jewellery
 h - an amulet of regeneration
 k - a ring of wizardry (left hand)
 r - a ring of resist corrosion
Scrolls
 c - 2 scrolls of fog
 g - 2 scrolls of fear {unknown}
 i - 3 scrolls of identify {unknown}
 j - 2 scrolls of poison {unknown}
 l - 3 scrolls of teleportation {unknown}
 m - 2 scrolls of enchant armour {unknown}
 o - 2 scrolls of silence {unknown}
Potions
 p - a potion of degeneration {unknown}
 q - a potion of curing {@q1}


   Skills:
 + Level 4.3 Fighting
 - Level 1.0 Throwing
 - Level 1.0 Spellcasting
 - Level 3.2 Necromancy
 - Level 2.0 Poison Magic
 - Level 1.0 Evocations


You had 3 spell levels left.
You knew the following spells:

 Your Spells              Type           Power      Damage    Failure   Level
a - Kiss of Death         Conj/Necr      20%        2d7       6%          1

Your spell library contained the following spells:

 Spells                   Type           Power      Damage    Failure   Level
 Sublimation of Blood     Necr           9%         N/A       4%          2
 Cigotuvi's Dreadful Rot  Necr/Pois/Air  10%        N/A       8%          2
 Vampiric Draining        Necr           9%         2d6       9%          3
 Poisonous Vapours        Pois/Air       6%         N/A       11%         2


Dungeon Overview and Level Annotations

Branches:
Dungeon (4/15)
 Temple: D:4-7

Altars:
Fedhas
Ru


Innate Abilities, Weirdness & Mutations

You sometimes gain a little power by taking damage.


Message History

You feel sick. The adder bites you.
You are more poisoned.
The adder poisons you! The adder bites you but does no damage.
You take 3 damage, and have 16/25 hp.
You feel sick.
You take 2 damage, and have 14/25 hp.
You closely miss the adder.
The adder is almost dead.
You feel very sick. The adder misses you.
You take 3 damage, and have 11/25 hp.
It was a potion of curing.
You feel better.
q - a potion of curing;
h - an amulet of regeneration The adder bites you. x2
You are poisoned.
The adder poisons you!
You regained 7 hp, and now have 18/25 hp.
You aren't carrying any items that you can evoke.
Casting: Kiss of Death (safe; 6% risk of failure)
Confirm with . or Enter, or press ? or * to list all spells.
Aiming: Kiss of Death (safe; 6% risk of failure)
Press: ? - help, Shift-Dir - straight line, f - ogre
Aim: an ogre, wielding a +0 giant spiked club (100% to hit)
Out of range.
Okay, then.
You hit the adder.
You kill the adder!
You feel sick.
You take 1 damage, and have 17/26 hp.
Casting: Kiss of Death (safe; 6% risk of failure)
Confirm with . or Enter, or press ? or * to list all spells.
Aiming: Kiss of Death (safe; 6% risk of failure)
Press: ? - help, Shift-Dir - straight line, f - ogre
Aim: an ogre, wielding a +0 giant spiked club (100% to hit)
You miscast Kiss of Death.
You are very lightly contaminated with residual magic.
Nothing appears to happen.
You feel sick.
The ogre hits you with a +0 giant spiked club!!
Ouch! That really hurt!
You die...

..### .... ###### ...
#....# ###.. #...<#
.....
#....######.##.#+#
#....'..>..###.#[#####
#....###.#............
####.@Og........<.....
#####.#.##.####.###
####...##.#.##.#
###.........#.##.#
#.....O...###.##.###
####.............##....
#.........#....#..#####
#)................#####
#......##....##......##


You could see an ogre and a goblin.

Vanquished Creatures
  3 adders
  2 dart slugs (D:1)
  3 endoplasms
  3 giant cockroaches (D:1)
  5 hobgoblins
  2 kobolds
  3 ball pythons
  4 bats
  4 frilled lizards
  3 goblins
  2 rats
34 creatures vanquished.

Notes
Turn   | Place    | Note
-------+----------+-------------------------------------------
     0 | D:1      | Ofeo the Demonspawn Wanderer began the quest for the Orb.
     0 | D:1      | Ofeo set off with the following items: a +0 dagger, 13
                  | poisoned darts, a scroll of fog, a +0 robe; and the
                  | following spell memorised: Kiss of Death; and the following
                  | spells available to memorise: Sublimation of Blood,
                  | Cigotuvi's Dreadful Rot, Vampiric Draining, Poisonous
                  | Vapours.
     0 | D:1      | Reached XP level 1. HP: 16/16 MP: 2/2
   308 | D:1      | Gained mutation: You sometimes gain a little power by
                  | taking damage. [demonic ancestry]
   308 | D:1      | Reached XP level 2. HP: 20/23 MP: 3/3
   529 | D:1      | Reached skill level 3 in Fighting
  1284 | D:2      | Found a blossoming altar of Fedhas.
  1419 | D:2      | Reached XP level 3. HP: 22/27 MP: 2/4
  1627 | D:2      | Found a faded altar of an unknown god.
  2129 | D:3      | Reached skill level 4 in Fighting
  2223 | D:3      | Found a sacrificial altar of Ru.
  2996 | D:4      | Noticed an ogre
  3046 | D:4      | Slain by an ogre

Illustrated notes

Levels and vault maps discovered:
D:1:      ebering_trefoil_3fold, layout_loops_corners
D:2:      layout_loops_corners, hellmonk_ecumenical_altar_slurped_away,
          basic_altar
D:3:      layout_basic, nicolae_ru_sacrificial_ziggurat
D:4:      layout_basic, gammafunk_temple_overflow_statue

Skill      XL: |  1  2  3 |
---------------+----------+-----
Fighting       | 3 4 |  4.3
Throwing       | |  1.0
Spellcasting   | |  1.0
Necromancy     | |  3.2
Poison Magic   | |  2.0
Evocations     | |  1.0

Action                     || total
---------------------------++-------
  Melee: Spear             ||   113
         Dagger            ||     1
  Throw: Dart              ||    22
   Cast: Kiss of Death     ||     2
    Use: Potion            ||     2
 Armour: Robe              ||    65
  Dodge: Dodged            ||    76

Table legend: (Time is in decaauts)
 A = Elapsed time spent in this place.
 B = Non-inter-level travel time spent in this place.
 C = Inter-level travel time spent in this place.
 D = Time resting spent in this place.
 E = Time spent auto-exploring this place.
 F = Levels seen in this place.
 G = Mean time per level.
                   A        B        C        D        E       F      G
               +--------+--------+--------+--------+--------+-----+--------+
         Total |   3055 |   2946 |    109 |      0 |   2613 |   4 |  763.8 |
       Dungeon |   3055 |   2946 |    109 |      0 |   2613 |   4 |  763.8 |
               +--------+--------+--------+--------+--------+-----+--------+

Top non-repeatable levels by time:
     D:1: 1019 daAuts
     D:3: 992 daAuts
     D:2: 860 daAuts
     D:4: 182 daAuts
